 Dungeon Crawl Stone Soup version 0.31-a0-142-g31f6795574 (webtiles) character file.

Game seed: 12771816174091981423

141686 dcssisdead the Eclecticist (level 16, -11/131 HPs)
             Began as a Mummy Necromancer on June 3, 2023.
             Was the Champion of Kikubaaqudgha.
             Mangled by a demonic crawler (14 damage)
             ... on level 2 of the Spider Nest.
             The game lasted 02:31:07 (34350 turns).

dcssisdead the Eclecticist (Mummy Necromancer)     Turns: 34350, Time: 02:31:07

Health: -11/131    AC:  9    Str: 13    XL:     16   Next: 78%
Magic:  17/35      EV: 11    Int: 21    God:    Kikubaaqudgha [******]
Gold:   1785       SH:  0    Dex: 12    Spells: 2/46 levels left

rFire   + . .        a - +2 short sword (venom)
rCold   + . .        Q - +2 buckler {rPois}
rNeg    + + +        D - +2 robe {rF+}
rPois   ∞            i - +1 hat {Will+}
rElec   .            l - +1 cloak
rCorr   .            B - +1 pair of gloves
SInv    .            (no boots)
Will    +++..        E - amulet of regeneration
Stlth   ++           n - +5 ring of evasion
HPRegen 1.21/turn    G - ring of protection from fire
MPRegen 0.24/turn

%: faith
@: animating dead, held
A: cold resistance 1, negative energy resistance 3, torment resistance 2, heat
vulnerability 1, in touch with death 2, no potions, faith
a: Renounce Religion, Unearth Wretches, Torment


You were on level 2 of the Spider Nest.
You worshipped Kikubaaqudgha.
Kikubaaqudgha was exalted by your worship.
You visited 6 branches of the dungeon, and saw 26 of its levels.
You also visited: Gauntlet.

You collected 2380 gold pieces.
You spent 595 gold pieces at shops.

Inventory:

Hand Weapons
 a - a +2 short sword of venom (weapon)
 b - a +1 dagger of pain
 F - the +1 rapier of the Destroying Gods {freeze, rElec rF+ rN+++ Dex-2}
   (You found it on level 8 of the Dungeon)

   Dex:       It affects your dexterity (-2).
   rF:        It protects you from fire.
   rElec:     It insulates you from electricity.
   rN:        It renders you almost immune to negative energy.
Missiles
 c - 4 atropa-tipped darts
 g - 3 throwing nets
 q - 27 boomerangs
 A - 56 poisoned darts (quivered)
 M - a curare-tipped dart
Armour
 i - a +1 hat of willpower (worn)
 k - the +4 ring mail of Lugonu's Delight {rElec rPois Str-4 SInv}
   (You found it on level 2 of the Dungeon)

   Str:       It affects your strength (-4).
   rElec:     It insulates you from electricity.
   rPois:     It protects you from poison.
   SInv:      It lets you see invisible.
 l - a +1 cloak (worn)
 v - a +0 helmet
 B - a +1 pair of gloves (worn)
 D - a +2 robe of fire resistance (worn)
 K - a +0 troll leather armour
 Q - a +2 buckler of poison resistance (worn)
Magical Staves
 h - the staff of conjuration "Wuheojer" {rCorr Str+3 Int+3}
   (You found it in a Gauntlet)

   [staff of conjuration]

   Base accuracy: +5 Base damage: 5 Base attack delay: 1.2 This weapon's minimum
   attack delay (0.6) is reached at skill level 12.
   Str:       It affects your strength (+3).
   Int:       It affects your intelligence (+3).
   rCorr:     It protects you from acid and corrosion.
   It falls into the 'Staves' category.
   It is a one-handed weapon.
 t - a staff of earth
Jewellery
 d - a ring of protection from cold
 e - the ring "Raquuq" {Fly rPois rC++ rN+ Stlth-}
   (You found it in a Gauntlet)

   [ring of positive energy]

   rC:        It greatly protects you from cold.
   rPois:     It protects you from poison.
   rN:        It protects you from negative energy.
   Fly:       It grants you flight.
   Stlth:     It makes you less stealthy.
 n - a +5 ring of evasion (left hand)
 E - an amulet of regeneration (around neck)
 G - a ring of protection from fire (right hand)
 H - a ring of flight
 L - a +6 ring of intelligence
 N - the ring "Zefiugol" {Fire rCorr Str+3}
   (You found it on level 1 of the Lair of Beasts)

   [ring of fire]

   It enhances your fire magic.
   Str:       It affects your strength (+3).
   rF:        It protects you from fire.
   rC:        It makes you vulnerable to cold.
   rCorr:     It protects you from acid and corrosion.
Wands
 f - a wand of quicksilver (3)
 u - a wand of flame (62)
 C - a wand of iceblast (21)
 J - a wand of mindburst (7)
 O - a wand of polymorph (16)
 S - a wand of charming (9)
Scrolls
 j - a scroll of amnesia
 m - 3 scrolls of magic mapping
 o - a scroll of torment
 p - 4 scrolls of poison
 r - 2 scrolls of blinking
 s - 15 scrolls of teleportation
 x - 4 scrolls of fog
 y - 4 scrolls of fear
 z - 3 scrolls of vulnerability
 I - a scroll of butterflies
 P - 13 scrolls of identify
 V - a scroll of silence
Miscellaneous
 w - a phantom mirror
 R - a phial of floods
 T - a condenser vane (inert)
 U - a lightning rod (4/4)


   Skills:
 + Level 13.3 Fighting
 + Level 10.7 Short Blades
 - Level 3.1 Dodging
 - Level 1.6 Stealth
 + Level 6.0 Shields
 + Level 15.8 Spellcasting
 - Level 6.0 Conjurations
 - Level 1.0 Hexes
 + Level 3.0 Summonings
 + Level 14.0 Necromancy
 - Level 2.0 Transmutations
 - Level 7.0 Ice Magic
 - Level 7.0 Air Magic
 - Level 2.0 Earth Magic
 - Level 3.0 Poison Magic


You had 2 spell levels left.
You knew the following spells:

 Your Spells              Type           Power      Damage    Failure   Level
a - Haunt                 Necr/Summ      43%        N/A       75%         7
b - Vampiric Draining     Necr           100%       2d13      1%          3
c - Animate Dead          Necr           100%       N/A       1%          4
d - Passwall              Tmut/Erth      20%        N/A       3%          2
e - Poisonous Vapours     Pois/Air       74%        N/A       1%          2
f - Cigotuvi's Dreadful   Necr/Pois/Air  100%       N/A       1%          2
g - Agony                 Necr           100%       N/A       1%          5
h - Anguish               Hex/Necr       41%        N/A       2%          4
i - Dispel Undead         Necr           100%       3d31      1%          4
j - Freezing Cloud        Conj/Ice/Air   22%        6-21      9%          5
k - Simulacrum            Ice/Necr       47%        N/A       10%         6

Your spell library contained the following spells:

 Spells                   Type           Power      Damage    Failure   Level
 Necrotise                Necr           100%       1d9       0%          1
 Kiss of Death            Conj/Necr      100%       2d13      1%          1
 Magic Dart               Conj           100%       1d8       1%          1
 Sandblast                Erth           50%        2d12      1%          1
 Call Imp                 Summ           58%        N/A       1%          2
 Searing Ray              Conj           82%        2d7       1%          2
 Slow                     Hex            80%        N/A       3%          1
 Mephitic Cloud           Conj/Pois/Air  39%        N/A       1%          3
 Stone Arrow              Conj/Erth      66%        3d11      2%          3
 Death Channel            Necr           53%        N/A       2%          6
 Ignite Poison            Fire/Tmut/Pois 23%        N/A       7%          3
 Confusing Touch          Hex            20%        N/A       10%         3
 Tukima's Dance           Hex            20%        N/A       10%         3
 Fulminant Prism          Conj/Hex       15%        3d10      11%         4
 Iskenderun's Battlesphe  Conj           41%        2d9       11%         5
 Portal Projectile        Hex/Tloc       36%        N/A       12%         3
 Sticky Flame             Conj/Fire      29%        2d5       14%         4
 Animate Armour           Summ/Erth      54%        N/A       16%         4
 Irradiate                Conj/Tmut      16%        3d17      26%         5
 Fireball                 Conj/Fire      14%        3d8       36%         5
 Conjure Ball Lightning   Conj/Air       21%        3x3d6     45%         6
 Yara's Violent Unravell  Hex/Tmut       11%        3d6       56%         5
 Infestation              Necr           53%        N/A       69%         8
 Orb of Destruction       Conj           20%        9d8       98%         7
 Ignition                 Fire           8%         3d5       100%        8
 Lehudib's Crystal Spear  Conj/Erth      16%        10d5      100%        8
 Spider Form              Tmut/Pois      Unusable   N/A       N/A         3
 Ice Form                 Ice/Tmut       Unusable   N/A       N/A         4
 Blade Hands              Tmut           Unusable   N/A       N/A         5

Dungeon Overview and Level Annotations

Branches:
Dungeon (15/15)            Temple (1/1) D:7            Lair (5/5) D:9
 Shoals (0/4) Lair:2       Spider (2/4) Lair:3        Slime (0/5) Lair:5
    Orc (2/2) D:9             Elf (0/3) Orc:2        Vaults (0/5) D:13
 Depths (0/4) D:15        Gauntlet (visited)

Altars:
Ashenzari
Cheibriados
Dithmenos
Fedhas
Gozag
Hepliaklqana
Kikubaaqudgha
Makhleb
Nemelex Xobeh
Okawaru
Qazlal
Ru
Sif Muna
Trog
Uskayaw
Vehumet
Wu Jian
Xom
Yredelemnul
Jiyva

Shops:
D:9 (   D:13 *   Orc:2 *?!*

Portals:
Trove: D:14 (show slimy rune of Zot)

Annotations:
Shoals:1 Frances, Louise


Innate Abilities, Weirdness & Mutations

You are immune to poison.
Your flesh is cold resistant. (rC+)
You are immune to negative energy. (rN+++)
You are immune to unholy pain and torment.
You are vulnerable to heat. (rF-)
You are strongly in touch with the powers of death.
You do not drink.
You have a special connection with the divine. (Faith)


Message History

Your jumping spider zombie bites the demonic crawler but does no damage.
Your jumping spider zombie pounces on the demonic crawler!
Your jumping spider zombie bites the demonic crawler but does no damage.
Unknown command.
Okay, then.
Unknown command.
Unknown command.
Okay, then.
Unknown command.
Unknown command.
You hit the demonic crawler.
The demonic crawler is poisoned.
The demonic crawler is severely wounded.
The jumping spider leaps!
Your tarantella zombie hits the demonic crawler.
The demonic crawler hits you!
* * * LOW HITPOINT WARNING * * *
The demonic crawler hits you.
* * * LOW HITPOINT WARNING * * *
The demonic crawler completely misses you.
Unknown command.
You hit the demonic crawler.
The demonic crawler is severely wounded.
Your jumping spider zombie barely misses the demonic crawler.
Your jumping spider zombie bites the demonic crawler.
Your jumping spider zombie pounces on the demonic crawler but does no damage.
Your jumping spider zombie bites the demonic crawler.
The jumping spider pounces on you!
* * * LOW HITPOINT WARNING * * *
You are caught in a web!
The jumping spider bites you but does no damage.
Unknown command.
You struggle to detach yourself from the web.
Your tarantella zombie hits the demonic crawler.
Your jumping spider zombie pounces on the demonic crawler.
Your jumping spider zombie bites the demonic crawler but does no damage.
The demonic crawler hits you!
* * * LOW HITPOINT WARNING * * *
The demonic crawler misses you. The demonic crawler hits you!
You die...
Kikubaaqudgha rasps: "You have failed me!
Welcome... oblivion!"

.#... .#..#.
##.s... ###....##
....... ###..Z.
#..°.# #sZ..#
#@sZ.# ###Z°#
#...### ###
#...#^###.###
##..........#####
##...[........#.
#...............
###..#^..#....>#
##.###.#....#


You could see a demonic crawler (very poisoned, ally target), 2 jumping spiders,
3 friendly jumping spider zombies and a friendly tarantella zombie.

Vanquished Creatures
  Jorgrun (D:12)
  An emperor scorpion (Spider:1)
  A stone giant (D:15)
  A dire elephant (Gauntlet)
  A minotaur (Gauntlet)
  Josephine (D:11)
  An ettin (Orc:2)
  A fire dragon (Lair:5)
  A great orb of eyes (Gauntlet)
  8 hydras
  Fannar (D:12)
  9 vault guards
  A radroach (Spider:2)
  Erolcha (Orc:1)
  2 catoblepae
  5 centaur warriors
  An ogre mage (D:12)
  8 two-headed ogres
  4 boulder beetles
  A death knight (D:13)
  3 death yaks
  An alligator (Gauntlet)
  2 tengu warriors (D:15)
  Urug (Lair:2)
  An orc high priest (Orc:1)
  4 skeletal warriors (D:14)
  Amaemon (Lair:2)
  A skyshark (Lair:3)
  The ghost of Gilette the Magician, a novice GnEE of Ashenzari (D:7)
  A pharaoh ant (Spider:2)
  A steelbarb worm (Spider:1)
  Pikel (D:7)
  7 orc knights
  2 lindwurms
  3 orb spiders
  3 deep elf pyromancers
  5 ugly things
  2 orc sorcerers
  2 manticores
  3 cyclopes
  A wolf spider (Spider:1)
  19 elephants
  An eleionoma zombie (Gauntlet)
  2 moths of wrath (Spider:2)
  3 molten gargoyles (Lair:5)
  3 merfolk sirens
  A black mamba (shapeshifter) (D:15)
  An orange demon (Lair:2)
  20 cane toads
  A gargoyle (D:14)
  A torpor snail (Lair:1)
  7 black mambas
  An unseen horror (D:13)
  A redback zombie (Spider:1)
  4 kobold demonologists
  31 komodo dragons
  3 rime drakes
  2 polar bears
  5 trolls
  2 merfolk (Lair:2)
  A queen bee (Lair:2)
  2 hornets (Lair:2)
  Grinder (D:4)
  4 tarantellas
  An alligator zombie (Gauntlet)
  Prince Ribbit (Lair:2)
  A raiju (Gauntlet)
  10 slime creatures
  3 dream sheep (Lair:3)
  22 blink frogs
  A great orb of eyes zombie (Gauntlet)
  6 jumping spiders
  A snapping turtle (Shoals:1)
  3 culicivoras
  3 shadows
  A centaur simulacrum (D:12)
  6 wraiths
  12 wyverns
  65 yaks
  A vampire (D:12)
  9 basilisks
  4 fire elementals (D:14)
  A wind drake zombie (Gauntlet)
  Eustachio (D:4)
  16 redbacks
  6 steam dragons
  4 wargs
  Edmund (D:4)
  6 vampire mosquitoes
  2 acid dragons
  17 water moccasins
  5 hell hounds
  A sky beast (D:6)
  2 black bears (Lair:1)
  A merfolk zombie (Gauntlet)
  35 orc warriors
  8 ogres
  36 wolves
  13 centaurs
  2 lemures (D:7)
  7 kobold brigands
  8 bullfrogs
  A gnoll sergeant (D:13)
  7 wights
  31 killer bees
  2 electric eels
  3 howler monkeys
  4 lava snakes
  3 hounds
  7 jellies
  2 gnoll boudas (D:5)
  12 orc priests
  Crazy Yiuf (D:3)
  8 iguanas
  A sleepcap (D:5)
  26 orc wizards
  Robin (D:4)
  A gnoll (D:13)
  5 river rats (D:5)
  9 adders
  A shadow imp (D:6)
  3 worms
  4 dart slugs
  69 orcs
  9 endoplasms
  4 giant cockroaches
  10 goblins
  8 hobgoblins
  2 jackals (D:3)
  9 quokkas
  2 ball pythons (D:1)
  4 bats
  10 frilled lizards
  25 kobolds
  14 rats
832 creatures vanquished.

Vanquished Creatures (collateral kills)
  Rupert (Orc:2)
  Agnes (Spider:1)
  A broodmother (Spider:1)
  Azrael (D:14)
  An entropy weaver (Spider:1)
  A two-headed ogre (D:12)
  3 demonic crawlers (Spider:1)
  2 pharaoh ants (Spider:1)
  A steelbarb worm (Spider:1)
  A wolf spider (Spider:1)
  An ugly thing (Gauntlet)
  An elephant (Gauntlet)
  A torpor snail (Spider:1)
  A troll (D:12)
  A tarantella (Spider:1)
  2 slime creatures (D:12)
  4 culicivoras (Spider:1)
  6 jumping spiders (Spider:1)
  7 redbacks (Spider:1)
  An orc warrior (Orc:2)
  An ogre (Orc:2)
  A centaur (D:13)
  4 gnolls (D:13)
  2 orcs (Orc:2)
  A bat (D:1)
  A giant cockroach (D:4)
  2 kobolds
  A rat (D:2)
51 creatures vanquished.

Vanquished Creatures (others)
  An orc warlord (Orc:2)
  An eleionoma (Gauntlet)
  A great orb of eyes (D:12)
  A boulder beetle (D:12)
  A tengu warrior (D:12)
  A wizard (D:12)
  A deep elf archer (D:12)
  An orc knight (D:12)
  A deep elf pyromancer (D:13)
  2 wolf spider zombies (Spider:1)
  2 elephants (Lair:2)
  A cane toad (Lair:1)
  11 redback zombies
  A troll (Orc:2)
  A wind drake (Gauntlet)
  3 blink frogs (Lair:5)
  A demonic crawler zombie (Spider:1)
  A moth of wrath zombie (Spider:2)
  A tarantella zombie (Spider:2)
  2 culicivora zombies
  A tarantella (Spider:1)
  5 jumping spider zombies (Spider:1)
  A jumping spider (Spider:1)
  A culicivora (Gauntlet)
  A yak (D:12)
  A vampire mosquito (D:12)
  2 water moccasins
  2 orc warriors (Orc:2)
  6 wolves
  2 ogres
  An adder (D:12)
  An orc (D:13)
  An endoplasm (D:12)
60 creatures vanquished.

Grand Total: 943 creatures vanquished

Notes
Turn   | Place    | Note
-------+----------+-------------------------------------------
     0 | D:1      | dcssisdead the Mummy Necromancer began the quest for the
                  | Orb.
     0 | D:1      | Reached XP level 1. HP: 13/13 MP: 4/4
   334 | D:1      | Reached XP level 2. HP: 19/19 MP: 0/5
   471 | D:1      | Reached skill level 3 in Spellcasting
   558 | D:1      | Found a faded altar of an unknown god.
   956 | D:2      | Gained mutation: You are in touch with the powers of death.
                  | [Mummy growth]
   956 | D:2      | Reached XP level 3. HP: 15/24 MP: 2/7
   960 | D:2      | Learned a level 3 spell: Vampiric Draining
  1215 | D:2      | You fall into a shaft and drop 1 floor!
  1638 | D:2      | Identified the +4 ring mail of Lugonu's Delight {rElec
                  | rPois Str-4 SInv}
  2117 | D:3      | Reached XP level 4. HP: 29/31 MP: 2/9
  2183 | D:3      | Learned a level 4 spell: Animate Dead
  2230 | D:3      | Found a shimmering altar of Xom.
  2279 | D:3      | Reached skill level 1 in Fighting
  2684 | D:3      | Found a runed translucent door.
  2685 | D:3      | Noticed Crazy Yiuf
  2719 | D:4      | Noticed Edmund
  2748 | D:4      | Noticed an ogre
  2941 | D:4      | Identified the +4 spear "Zitemywo" {venom, Contam rN+
                  | Int+3}
  3040 | D:4      | Noticed Grinder
  3058 | D:4      | Killed Grinder
  3059 | D:4      | Reached skill level 4 in Spellcasting
  3059 | D:4      | Reached skill level 5 in Necromancy
  3059 | D:4      | Reached XP level 5. HP: 34/39 MP: 10/12
  3059 | D:4      | Reached XP level 6. HP: 41/46 MP: 10/13
  3089 | D:4      | Noticed Eustachio
  3105 | D:4      | Killed Eustachio
  3106 | D:4      | Reached skill level 5 in Spellcasting
  3261 | D:4      | Noticed a steam dragon
  3297 | D:4      | Learned a level 2 spell: Passwall
  3301 | D:4      | Reached XP level 7. HP: 52/52 MP: 14/14
  3575 | D:4      | Noticed Robin
  3586 | D:4      | Killed Robin
  3667 | D:4      | Found an ornate altar of the Wu Jian Council.
  3950 | D:4      | Found a basalt altar of Yredelemnul.
  4152 | D:5      | Entered Level 5 of the Dungeon
  4227 | D:5      | Found a snail-covered altar of Cheibriados.
  4231 | D:5      | Found an opulent altar of Gozag.
  4240 | D:5      | Reached skill level 1 in Transmutations
  4240 | D:5      | Reached skill level 1 in Earth Magic
  4662 | D:5      | Reached skill level 6 in Spellcasting
  4818 | D:5      | Reached XP level 8. HP: 50/60 MP: 17/17
  5014 | D:5      | Reached skill level 1 in Short Blades
  5670 | D:4      | Killed Edmund
  5991 | D:3      | Found a shimmering altar of Xom.
  6090 | D:3      | Killed Crazy Yiuf
  6164 | D:4      | Learned a level 2 spell: Poisonous Vapours
  6719 | D:6      | Reached skill level 7 in Spellcasting
  6886 | D:6      | Noticed a kobold demonologist
  6886 | D:6      | Noticed a kobold demonologist
  6886 | D:6      | Noticed a kobold demonologist
  6889 | D:6      | Noticed a hellwing
  6909 | D:6      | Reached skill level 5 in Fighting
  6909 | D:6      | Reached skill level 1 in Air Magic
  6909 | D:6      | Reached skill level 1 in Poison Magic
  6924 | D:5      | Killed a kobold demonologist
  6925 | D:5      | Reached XP level 9. HP: 68/68 MP: 6/19
  7015 | D:6      | Killed a kobold demonologist
  7060 | D:6      | Noticed a red devil
  7074 | D:6      | Killed a kobold demonologist
  7693 | D:7      | Found a staircase to the Ecumenical Temple.
  7701 | Temple   | Entered the Ecumenical Temple
  7922 | Temple   | Became a worshipper of Kikubaaqudgha
  7967 | D:7      | Identified the +0 robe of Love and Death {Contam Regen+
                  | Dex+6}
  8112 | D:6      | Reached skill level 8 in Spellcasting
  8568 | D:7      | Found a large runed translucent door.
  8570 | D:7      | Found a large runed translucent door.
  8570 | D:7      | Noticed Gilette's ghost (novice GnEE)
  9052 | D:8      | Reached * piety under Kikubaaqudgha
  9052 | D:8      | Received a gift from Kikubaaqudgha
  9217 | D:8      | Noticed Pikel
  9271 | D:7      | Killed Pikel
  9272 | D:7      | Reached XP level 10. HP: 61/76 MP: 12/22
  9595 | D:8      | Identified the +1 rapier of the Destroying Gods {freeze,
                  | rElec rF+ rN+++ Dex-2}
 10555 | D:9      | Learned a level 2 spell: Cigotuvi's Dreadful Rot
 10590 | D:9      | Found a blossoming altar of Fedhas.
 10714 | D:9      | Reached skill level 9 in Spellcasting
 10826 | D:9      | Found a staircase to the Lair.
 11011 | D:9      | Reached ** piety under Kikubaaqudgha
 11334 | D:9      | Reached skill level 5 in Short Blades
 11485 | D:9      | Found a staircase to the Orcish Mines.
 11611 | D:9      | Found Wazyky's Weapon Shoppe.
 11917 | D:8      | Reached XP level 11. HP: 85/85 MP: 17/24
 12225 | D:10     | Entered Level 10 of the Dungeon
 12289 | D:10     | Reached skill level 10 in Spellcasting
 12369 | D:10     | Identified the +0 barding "Zinwiant" {rC+ Str+4}
 12450 | D:10     | Found a shadowy altar of Dithmenos.
 12747 | D:10     | Reached *** piety under Kikubaaqudgha
 12747 | D:10     | Received a gift from Kikubaaqudgha
 12907 | D:11     | Noticed a two-headed ogre
 12943 | D:10     | Learned a level 5 spell: Agony
 12948 | D:10     | Learned a level 4 spell: Anguish
 12963 | D:10     | Killed a two-headed ogre
 13056 | D:11     | Reached skill level 1 in Hexes
 13166 | D:11     | Noticed Josephine
 13844 | D:11     | Noticed a soul eater
 13864 | D:10     | Reached skill level 10 in Necromancy
 13910 | D:11     | Reached **** piety under Kikubaaqudgha
 14175 | D:11     | Noticed a purple ugly thing
 14188 | D:11     | Killed a purple ugly thing
 14189 | D:11     | Reached skill level 11 in Spellcasting
 14403 | D:11     | Learned a level 4 spell: Dispel Undead
 14409 | D:11     | Learned a level 5 spell: Freezing Cloud
 14544 | Lair:1   | Entered Level 1 of the Lair of Beasts
 14776 | Lair:1   | Reached skill level 1 in Conjurations
 14784 | Lair:1   | Reached skill level 1 in Ice Magic
 14929 | Lair:1   | Reached XP level 12. HP: 79/95 MP: 20/27
 15165 | Lair:1   | Noticed a boulder beetle
 15185 | Lair:1   | Killed a boulder beetle
 15406 | Lair:1   | Identified the ring "Zefiugol" {Fire rCorr Str+3}
 15623 | Lair:1   | Reached ***** piety under Kikubaaqudgha
 15977 | Lair:1   | Noticed a death yak
 15978 | Lair:1   | Noticed a death yak
 16522 | Lair:1   | Killed a death yak
 16712 | Lair:1   | Killed a death yak
 16914 | Lair:2   | Noticed Prince Ribbit
 16923 | Lair:2   | Killed Prince Ribbit
 17332 | Lair:2   | Noticed Amaemon
 17359 | Lair:2   | Killed Amaemon
 17642 | Lair:2   | Reached skill level 12 in Spellcasting
 17677 | Lair:2   | Gained mutation: You are strongly in touch with the powers
                  | of death. [Mummy growth]
 17677 | Lair:2   | Reached XP level 13. HP: 64/103 MP: 19/29
 17857 | Lair:2   | Noticed Urug
 17868 | Lair:2   | Killed Urug
 18155 | Lair:2   | Reached skill level 5 in Ice Magic
 18216 | Lair:2   | Reached skill level 10 in Fighting
 18329 | Lair:2   | Found a staircase to the Shoals.
 18698 | Lair:3   | Found a hole to the Spider Nest.
 18827 | Lair:3   | Reached skill level 5 in Air Magic
 18838 | Lair:3   | Reached ****** piety under Kikubaaqudgha
 18841 | Lair:3   | Received a gift from Kikubaaqudgha
 20197 | Lair:3   | Reached skill level 13 in Spellcasting
 20349 | Lair:3   | Reached XP level 14. HP: 110/111 MP: 25/31
 20565 | Lair:3   | Reached skill level 1 in Shields
 22052 | Lair:5   | Entered Level 5 of the Lair of Beasts
 22744 | Lair:5   | Found a large runed translucent door.
 23027 | Lair:5   | Found a large runed translucent door.
 23626 | Lair:5   | Found a staircase to the Slime Pits.
 23627 | Lair:5   | Found a viscous altar of Jiyva.
 23640 | Lair:5   | Identified the +7 dagger of Massacring {drain, Fragile
                  | rElec Will+}
 23878 | Lair:5   | Reached skill level 5 in Conjurations
 24876 | Orc:1    | Entered Level 1 of the Orcish Mines
 24899 | D:9      | Reached XP level 15. HP: 80/119 MP: 28/32
 24905 | D:9      | Learned a level 5 spell: Iskenderun's Battlesphere
 24913 | D:9      | Learned a level 6 spell: Simulacrum
 24974 | D:11     | Killed Josephine
 25267 | D:12     | Found a gate leading to a gauntlet.
 25287 | Gauntlet | Entered a Gauntlet
 25287 | Gauntlet | Found a transporter.
 25287 | Gauntlet | Found a transporter.
 25287 | Gauntlet | Found a runed translucent gate.
 25289 | Gauntlet | Found a runed translucent gate.
 25289 | Gauntlet | Found a transporter.
 25289 | Gauntlet | Found a transporter.
 25337 | Gauntlet | Found a runed translucent gate.
 25339 | Gauntlet | Found a transporter.
 25372 | Gauntlet | Found a transporter.
 25372 | Gauntlet | Found a transporter.
 25373 | Gauntlet | Found a transporter.
 25377 | Gauntlet | Found a runed translucent door.
 25384 | Gauntlet | Found a transporter.
 25400 | Gauntlet | Found a transporter.
 25402 | Gauntlet | Found a runed translucent door.
 25410 | Gauntlet | Found a transporter.
 25424 | Gauntlet | Found a transporter.
 25444 | Gauntlet | Found a transporter.
 25457 | Gauntlet | Found a transporter.
 25688 | Gauntlet | Reached skill level 14 in Spellcasting
 25701 | Gauntlet | Identified the staff of poison "Wamu" {rElec rPois rF- rN+
                  | Int+2}
 25747 | Gauntlet | Identified the ring "Raquuq" {Fly rPois rC++ rN+ Stlth-}
 25755 | Gauntlet | Identified the staff of conjuration "Wuheojer" {rCorr Str+3
                  | Int+3}
 25911 | Gauntlet | Got the Atlas of Flesh
 25920 | Gauntlet | Identified the +0 leather armour "Ulupreyst" {rC+ Regen+}
 26064 | D:12     | Noticed Jorgrun
 26080 | D:12     | Killed Jorgrun
 26531 | D:12     | Noticed Fannar
 26550 | D:12     | Killed Fannar
 27104 | D:13     | HP: 4/120 [centaur warrior/arrow (5)]
 27760 | D:13     | Found Kutauhasm's Assorted Antiques.
 27765 | D:13     | Bought a scroll of fog for 128 gold pieces
 27765 | D:13     | Bought a scroll of teleportation for 96 gold pieces
 27804 | D:13     | Identified the +10 quarterstaff of Gehenna {flame, *Slow
                  | rPois MP+9}
 27873 | D:13     | Found a gate to the Vaults.
 28305 | D:14     | Noticed Azrael
 28313 | D:14     | Killed Azrael
 28664 | D:14     | Reached skill level 10 in Short Blades
 28946 | D:14     | Found a portal to a secret trove of treasure.
 29404 | D:15     | Entered Level 15 of the Dungeon
 29456 | D:15     | Found a blossoming altar of Fedhas.
 29492 | D:15     | Reached skill level 15 in Spellcasting
 29655 | D:15     | Reached XP level 16. HP: 120/129 MP: 29/35
 30057 | D:15     | Found a staircase to the Depths.
 30491 | D:9      | Learned a level 7 spell: Haunt
 31044 | Orc:1    | Noticed Erolcha
 31053 | Orc:1    | Killed Erolcha
 31225 | Orc:2    | Entered Level 2 of the Orcish Mines
 31231 | Orc:2    | Found a staircase to the Elven Halls.
 31243 | Orc:2    | Reached skill level 5 in Shields
 31243 | Orc:2    | Reached skill level 1 in Summonings
 32279 | Orc:2    | Found Asumie's Distillery.
 32279 | Orc:2    | Found Uhiufueh's Magic Scroll Shoppe.
 32281 | Orc:2    | Found Goemigg's Assorted Antiques.
 32283 | Orc:2    | Found Xagexiom's General Store.
 32288 | Orc:2    | Bought a scroll of fog for 68 gold pieces
 32288 | Orc:2    | Bought a scroll of teleportation for 51 gold pieces
 32288 | Orc:2    | Bought a scroll of teleportation for 51 gold pieces
 32288 | Orc:2    | Bought a scroll of amnesia for 68 gold pieces
 32295 | Orc:2    | Bought a scroll of silence for 133 gold pieces
 32358 | Orc:2    | Noticed Rupert
 32365 | Orc:2    | Killed Rupert
 32636 | D:7      | Killed Gilette's ghost
 32863 | Shoals:1 | Entered Level 1 of the Shoals
 32864 | Shoals:1 | Noticed Louise
 32881 | Shoals:1 | Noticed Frances
 32937 | Spider:1 | Entered Level 1 of the Spider Nest
 33059 | Spider:1 | Noticed Agnes
 33065 | Spider:1 | Killed Agnes
 34350 | Spider:2 | HP: 3/131 [demonic crawler (7)]
 34350 | Spider:2 | Mangled by a demonic crawler

Illustrated notes

Levels and vault maps discovered:
D:1:      dpeg_arrival_radiant, layout_rooms, chequers_ecumenical_altar_simple,
          serial_forest, infiniplex_forest_clump_tiny,
          infiniplex_forest_lined_2, infiniplex_forest_lined_room_2,
          infiniplex_forest_lined_room_2, infiniplex_forest_end_3,
          infiniplex_forest_clump_C
D:2:      minmay_general_purpose_star, layout_rooms, minmay_bisected
D:3:      layout_loops_ring, general_overflow_altar, uniq_crazy_yiuf_cottage
D:4:      layout_loops_ring, nzn_wu_jian_council_hall, kennysheep_mini,
          kennysheep_generic_room_7, uniq_robin, uniq_edmund, uniq_eustachio,
          uniq_grinder
D:5:      lemuel_ratsnest, layout_gridville, jmf_multi_god_temple,
          serial_bayou_pond_e, minmay_lizard_king
D:6:      layout_gridville
D:7:      layout_basic, minmay_temple_entry_statues_pillars,
          ebering_ghost_disaster_area, minmay_misc_feat_iff
D:8:      layout_loops_corners, uniq_pikel
D:9:      layout_loops_ring, mainiacjoe_overflow_small_starburst,
          erik_lair_dragon, minmay_orc_entry_temple_large, serial_shops,
          nicolae_shop_bloodbath_and_beyond
D:10:     layout_roguey, mainiacjoe_overflow_24_doors
D:11:     layout_loops_ring, chequers_arboretum, uniq_josephine
D:12:     layout_long_grid, gauntlet_entry_generic, uniq_fannar, uniq_jorgrun
D:13:     layout_loops_ring, erik_vaults_2, serial_shops, shop
D:14:     layout_loops_cross, enter_trove_5, nicolae_lava_and_water, uniq_azrael
D:15:     grunt_enter_depths_snipers, layout_loops_ring, fedhas_altar_1,
          elyvilon_altar_4
Temple:   regret_index_temple_generic_petals
Lair:1:   layout_cave_pods, serial_bayou_shore_a, grunt_megastairs_1
Lair:2:   layout_roguey [special_room_bee], elwin_shoals_entry_stream,
          grunt_megastairs_4, uniq_amaemon, uniq_urug, uniq_prince_ribbit2
Lair:3:   nzn_winding_woodlands_huge [nzn_winding_woodlands_5x15_longhouse,
          nzn_winding_woodlands_5x15_parted,
          nzn_winding_woodlands_5x15_lazy_stream,
          nzn_winding_woodlands_5x15_sawtooth,
          nzn_winding_woodlands_5x15_pathside_ponds,
          nzn_winding_woodlands_5x15_pockets,
          nzn_winding_woodlands_5x15_sidewinder,
          nzn_winding_woodlands_5x15_twine, nzn_winding_woodlands_5x15_zeroes,
          nzn_winding_woodlands_5x15_eye, nzn_winding_woodlands_center_lodge,
          nzn_winding_woodlands_center_garden,
          nzn_winding_woodlands_15x15_boxy_spiral], layout_gridlike,
          nicolae_spider_entry_tight_spaces, nicolae_lair_lil_pond
Lair:4:   layout_cave_shapes, infiniplex_staircase_pool
Lair:5:   cheibrodos_lair_end_hotspot, layout_gridlike,
          nicolae_slime_entry_slimehenge
Shoals:1: layout_shoals, uniq_frances, uniq_louise
Spider:1: layout_spider_delve, uniq_agnes
Spider:2: layout_spider_delve
Orc:1:    layout_diamond_mine, rock_pile, uniq_erolcha
Orc:2:    st_orc_rangers, layout_diamond_mine, uniq_rupert

Skill      XL: |  1  2  3  4  5  6  7  8  9 10 11 12 13 14 15 16 |
---------------+-------------------------------------------------+-----
Spellcasting   | 3 4 5 6 7 8 9 11 12 13 15 | 15.8
Fighting       | 2 3 5 6 7 9 10 11 12 13 | 13.3
Dodging        | 2 3 |  3.1
Necromancy     | 5 6 7 9 10 11 12 13 14 | 14.0
Transmutations | 1 2 |  2.0
Earth Magic    | 1 2 |  2.0
Short Blades   | 2 3 5 6 7 8 9 10 | 10.7
Air Magic      | 1 3 4 5 6 7 |  7.0
Poison Magic   | 1 3 |  3.0
Hexes          | 1 |  1.0
Conjurations   | 1 4 5 6 |  6.0
Ice Magic      | 1 4 6 7 |  7.0
Shields        | 3 4 6 |  6.0
Summonings     | 3 |  3.0
Stealth        | |  1.6

Action                     |  1- 3 |  4- 6 |  7- 9 | 10-12 | 13-15 | 16-18 || total
---------------------------+-------+-------+-------+-------+-------+-------++-------
  Melee: Whip              |     6 |       |       |       |       |       ||     6
         Dagger            |     8 |     5 |   294 |   889 |   970 |   287 ||  2453
         Spear             |       |    39 |    36 |       |       |       ||    75
         Punch             |       |     1 |     4 |    21 |     5 |       ||    31
         Short sword       |       |       |    15 |    63 |   103 |   124 ||   305
         Rapier            |       |       |       |   193 |       |     3 ||   196
  Throw: Dart              |       |       |       |     1 |       |       ||     1
   Cast: Necrotise         |    84 |    19 |    76 |    21 |     8 |       ||   208
         Vampiric Draining |       |     2 |    40 |    90 |    58 |    25 ||   215
         Poisonous Vapours |       |       |     3 |    35 |    48 |    66 ||   152
         Cigotuvi's Dreadf |       |       |       |     1 |     1 |       ||     2
         Anguish           |       |       |       |    16 |    16 |     9 ||    41
         Agony             |       |       |       |     7 |     2 |     1 ||    10
         Passwall          |       |       |       |     1 |       |     2 ||     3
         Freezing Cloud    |       |       |       |       |   105 |    28 ||   133
         Dispel Undead     |       |       |       |       |    16 |     2 ||    18
         Simulacrum        |       |       |       |       |     8 |     4 ||    12
         Animate Dead      |       |       |       |       |     1 |     6 ||     7
 Invoke: Receive Forbidden |       |       |       |       |     1 |       ||     1
         Unearth Wretches  |       |       |       |       |     7 |     3 ||    10
  Evoke: Wand              |       |       |       |    17 |     3 |       ||    20
         Condenser vane    |       |       |       |       |       |     1 ||     1
    Use: Scroll            |       |     1 |    11 |     4 |     5 |     1 ||    22
   Stab: Sleeping          |     1 |     4 |     5 |     1 |     3 |       ||    14
         Held in net/web   |       |       |       |       |     1 |       ||     1
         Paralysed         |       |       |       |       |     3 |       ||     3
         Distracted        |       |       |       |       |       |     2 ||     2
 Armour: Robe              |     1 |       |       |       |    50 |    77 ||   128
         Leather armour    |     6 |     8 |    73 |    65 |       |       ||   152
         Troll leather arm |       |       |       |   140 |   105 |       ||   245
  Dodge: Dodged            |    11 |    18 |   229 |   933 |   660 |   335 ||  2186
  Block: Buckler           |       |       |       |       |   177 |   139 ||   316

Table legend: (Time is in decaauts)
 A = Elapsed time spent in this place.
 B = Non-inter-level travel time spent in this place.
 C = Inter-level travel time spent in this place.
 D = Time resting spent in this place.
 E = Time spent auto-exploring this place.
 F = Levels seen in this place.
 G = Mean time per level.
                   A        B        C        D        E       F      G
               +--------+--------+--------+--------+--------+-----+--------+
         Total |  33588 |  31571 |   2017 |   6876 |  15666 |  27 | 1244.0 |
       Dungeon |  19486 |  18150 |   1336 |   3713 |   9234 |  15 | 1299.1 |
        Temple |    243 |    189 |     54 |      0 |    187 |   1 |  243.0 |
          Lair |   9917 |   9404 |    513 |   2241 |   4776 |   5 | 1983.4 |
        Shoals |     19 |     19 |      0 |      0 |      0 |   1 |   19.0 |
   Spider Nest |   1350 |   1293 |     57 |    225 |    621 |   2 |  675.0 |
  Orcish Mines |   1925 |   1870 |     55 |    648 |    676 |   2 |  962.5 |
      Gauntlet |    644 |    644 |      0 |     48 |    172 |   1 |  644.0 |
               +--------+--------+--------+--------+--------+-----+--------+

Top non-repeatable levels by time:
  Lair:3: 2737 daAuts
  Lair:5: 2473 daAuts
  Lair:1: 2308 daAuts
     D:9: 2272 daAuts
  Lair:2: 1696 daAuts
     D:3: 1604 daAuts
     D:5: 1552 daAuts
     D:4: 1534 daAuts
    D:11: 1478 daAuts
    D:12: 1401 daAuts
     D:8: 1384 daAuts
     D:6: 1249 daAuts
     D:7: 1198 daAuts
   Orc:2: 1152 daAuts
    D:13: 1125 daAuts
